 Dungeon Crawl Stone Soup version 0.28-a0-384-g9e0c098162 (webtiles) character file.

Game seed: 14645650759246551040

156 rogsnak the Firebug (level 5, -2/38 HPs)
             Began as a Draconian Fire Elementalist on Sept 2, 2021.
             Slain by an ogre (10 damage)
             ... on level 4 of the Dungeon.
             The game lasted 00:05:23 (2719 turns).

rogsnak the Firebug (Draconian Fire Elementalist)   Turns: 2719, Time: 00:05:24

Health: -2/38      AC:  5    Str: 11    XL:     5   Next: 14%
Magic:  6/9        EV: 12    Int: 16    God:
Gold:   126        SH:  0    Dex: 11    Spells: 5/10 levels left

rFire   . . .      SeeInvis .   c - +0 rapier
rCold   . . .      Faith    .   (no shield)
rNeg    . . .      Spirit   .   (armour unavailable)
rPois   .          Reflect  .   (helmet restricted)
rElec   .          Harm     .   (no cloak)
rCorr   .          Rampage  .   (no gloves)
Will    .....                   (no boots)
Stlth   ++........              (no amulet)
HPRegen 0.12/turn               (no ring)
MPRegen 0.11/turn               (no ring)

@: no status effects
A: AC +5, unfitting armour, cold-blooded
a: no special abilities


You were on level 4 of the Dungeon.
You visited 1 branch of the dungeon, and saw 4 of its levels.

You collected 126 gold pieces.

Inventory:

Hand Weapons
 a - a +0 club
 c - a +0 rapier (weapon)
 v - a +0 falchion
Missiles
 k - 44 stones
 x - 7 poisoned darts
Magical Staves
 b - a staff of air
Scrolls
 e - a scroll of magic mapping {unknown}
 f - a scroll of blinking {unknown}
 j - 2 scrolls of identify {unknown}
 n - a scroll of enchant weapon {unknown}
 o - a scroll of fear {unknown}
 p - a scroll of vulnerability {unknown}
 q - a scroll of amnesia {unknown}
 r - a scroll of teleportation {unknown}
 s - a scroll of noise {unknown}
 w - a scroll of immolation {unknown}
Potions
 d - 2 potions of flight {unknown}
 g - 2 potions of invisibility {unknown}
 h - a potion of resistance {unknown}
 i - 2 potions of heal wounds {unknown}
 l - 2 potions of degeneration {unknown}
 m - 2 potions of brilliance {unknown}
 u - a potion of cancellation {unknown}
Miscellaneous
 t - a piece from Xom's chessboard (15/15)


   Skills:
 + Level 2.2 Dodging
 - Level 1.7 Stealth
 + Level 3.0 Spellcasting
 * Level 3.0 Conjurations
 + Level 4.0 Fire Magic


You had 5 spell levels left.
You knew the following spells:

 Your Spells              Type           Power      Damage    Failure   Level
a - Foxfire               Conj/Fire      52%        2x1d6     4%          1
b - Sticky Flame          Conj/Fire      13%        2d4       41%         4

Your spell library contained the following spells:

 Spells                   Type           Power      Damage    Failure   Level
 Scorch                   Fire           30%        2d6       5%          2
 Conjure Flame            Conj/Fire      13%        6-21      13%         3
 Inner Flame              Hex/Fire       8%         N/A       24%         3
 Ozocubu's Armour         Ice            2%         N/A       50%         3
 Fireball                 Conj/Fire      6%         3d5       77%         5
 Metabolic Englaciation   Hex/Ice        1%         N/A       99%         5
 Simulacrum               Ice/Necr       1%         N/A       100%        6


Dungeon Overview and Level Annotations

Branches:
Dungeon (4/15)
 Temple: D:4-7

Altars:
Xom
Yredelemnul


Innate Abilities, Weirdness & Mutations

Your plain brown scales are hard. (AC +5)
You cannot fit into any form of body armour.
You are cold-blooded and may be slowed by cold attacks.


Message History

Unknown command.
Casting: Foxfire (safe; 4% risk of failure)
Confirm with . or Enter, or press ? or * to list all spells.
You don't know that spell.
Casting: Foxfire (safe; 4% risk of failure)
Confirm with . or Enter, or press ? or * to list all spells.
You conjure some foxfire!
The foxfire hits the ogre.
The ogre is lightly wounded.
The foxfire hits the ogre.
The ogre is moderately wounded.
The foxfire hits the ogre.
The ogre is moderately wounded.
The foxfire hits the ogre.
The ogre is moderately wounded.
Unknown command.
Casting: Foxfire (safe; 4% risk of failure)
Confirm with . or Enter, or press ? or * to list all spells.
You don't know that spell.
Casting: Foxfire (safe; 4% risk of failure)
Confirm with . or Enter, or press ? or * to list all spells.
The spell is extremely dangerous to cast (41% risk of failure)!
Continue anyway?
Aiming: Sticky Flame (extremely dangerous; 41% risk of failure)
Press: ? - help, Shift-Dir - straight line, f - ogre
Aim: an ogre, wielding a +0 giant spiked club (moderately wounded, ally target, 100% to hit)
You miscast Sticky Flame.
You are very lightly contaminated with residual magic.
Nothing appears to happen.
The foxfire hits the ogre.
The ogre is heavily wounded.
The foxfire hits the ogre.
The ogre is heavily wounded.
The ogre hits you with a +0 giant spiked club!!
Ouch! That really hurt!
The ogre closely misses you.
The ogre hits you with a +0 giant spiked club!
* * * LOW HITPOINT WARNING * * *
Your magical contamination has completely faded away.
There is a stone staircase leading down here.
There is a stone staircase leading down here.
The ogre hits you with a +0 giant spiked club!
You die...

#)###.# ... #.# #.# ...
#.###.######## #.#
###..........<.# #.#
.........#####.#####.##
.##...................#
##.##..####.######..#
#. #.># #.# #...# ..
#..####@# #.#.# #..
#.....#O# ##.#.#
#..##.....#.# #....#
..........#.## #..###
#..#[........###..#
#.............##..#
##.#..........##..#
#.####.......)...# #
#<.#..#.##.##


You could see an ogre.

Vanquished Creatures
  An orc priest (D:3)
  A hound skeleton (D:4)
  A gnoll (D:1)
  4 adders
  A worm (D:2)
  3 dart slugs
  10 orcs
  7 bats
  3 endoplasms
  A giant cockroach (D:3)
  2 goblins
  3 hobgoblins
  2 jackals (D:1)
  5 quokkas
  2 ball pythons (D:2)
  3 frilled lizards
  2 kobolds
  2 butterflies (D:3)
53 creatures vanquished.

Vanquished Creatures (collateral kills)
  A foxfire (D:1)
1 creature vanquished.

Vanquished Creatures (others)
  172 foxfires
  A withered plant (D:3)
173 creatures vanquished.

Grand Total: 227 creatures vanquished

Notes
Turn   | Place    | Note
-------+----------+-------------------------------------------
     0 | D:1      | rogsnak the Draconian Fire Elementalist began the quest for
                  | the Orb.
     0 | D:1      | Reached XP level 1. HP: 14/14 MP: 3/3
   252 | D:1      | You fall into a shaft and drop 1 floor!
   259 | D:2      | Reached XP level 2. HP: 17/20 MP: 1/5
   596 | D:1      | Reached XP level 3. HP: 26/26 MP: 4/6
   884 | D:2      | Found a faded altar of an unknown god.
  1185 | D:2      | Reached XP level 4. HP: 33/33 MP: 4/7
  1381 | D:3      | Found a shimmering altar of Xom.
  1554 | D:3      | Found a basalt altar of Yredelemnul.
  1653 | D:3      | Learned a level 4 spell: Sticky Flame
  1910 | D:3      | Reached skill level 4 in Fire Magic
  2392 | D:3      | Reached XP level 5. HP: 38/38 MP: 6/9
  2675 | D:4      | Noticed an ogre
  2719 | D:4      | Slain by an ogre

Illustrated notes

Levels and vault maps discovered:
D:1:      lightli_arrival_windingriver, layout_rooms
D:2:      layout_rooms, basic_ecumenical_altar
D:3:      layout_basic, yredelemnul_altar_generic, xom_butterflies
D:4:      layout_loops_ring

Skill      XL: |  1  2  3  4  5 |
---------------+----------------+-----
Dodging        | 2 |  2.2
Conjurations   | 2 3 |  3.0
Fire Magic     | 4 |  4.0
Spellcasting   | 3 |  3.0
Stealth        | |  1.7

Action                   |  1- 3 |  4- 6 || total
-------------------------+-------+-------++-------
Melee: Rapier            |     7 |    27 ||    34
       Tailslap          |     1 |     2 ||     3
 Cast: Foxfire           |    50 |    53 ||   103
 Stab: Sleeping          |       |     1 ||     1
Armor: Skin              |     5 |     7 ||    12
Dodge: Dodged            |     4 |    22 ||    26

Table legend: (Time is in decaauts)
 A = Elapsed time spent in this place.
 B = Non-inter-level travel time spent in this place.
 C = Inter-level travel time spent in this place.
 D = Time resting spent in this place.
 E = Time spent auto-exploring this place.
 F = Levels seen in this place.
 G = Mean time per level.
                   A        B        C        D        E       F      G
               +--------+--------+--------+--------+--------+-----+--------+
         Total |   2727 |   2657 |     70 |    195 |   2005 |   4 |  681.8 |
       Dungeon |   2727 |   2657 |     70 |    195 |   2005 |   4 |  681.8 |
               +--------+--------+--------+--------+--------+-----+--------+

Top non-repeatable levels by time:
     D:3: 1176 daAuts
     D:1: 819 daAuts
     D:2: 557 daAuts
     D:4: 175 daAuts
